Map: Abiogênese LE

Players

maxesterli

  • Race: Protoss Protoss
  • League: Silver
  • Spawn Location: 5:00

IagoAbreu

  • Race: Zerg Zerg
  • League: Silver
  • Spawn Location: 11:00

VOD

Have the link to the VOD?

Description

Time

  • Played on: March 5, 2018, 12:50 p.m.
  • Length: 6:18
Show
View Real Time Build Order
Export as new Build Order

maxesterli Protoss 

Build Orders:  

Get SALT Encoding   

  12  0:03  Probe  
  13  0:16  Pylon  
  13  0:21  Probe (Chrono Boost)  
  14  0:25  Assimilator  
  14  0:55  Forge  
  14  1:00  Probe  
  15  1:12  Probe (Chrono Boost)  
  16  1:24  Probe (Chrono Boost)  
  17  1:25  Pylon  
  17  1:30  Pylon, Probe (Chrono Boost)  
  18  1:38  Probe  
  19  1:40  Photon Cannon  
  19  1:50  Probe  
  19  1:53  Gateway  
  20  2:05  Probe (Chrono Boost)  
  21  2:15  Probe (Chrono Boost)  
  22  2:17  Photon Cannon  
  22  2:20  Probe (Chrono Boost)  
  23  2:31  Probe  
  24  2:43  Nexus  
  24  2:51  Cybernetics Core  
  24  3:01  Photon Cannon  
  24  3:09  Pylon  
  24  3:17  Pylon  
  24  3:37  Photon Cannon  
  24  3:42  Photon Cannon  
  24  3:47  Assimilator  
  24  3:51  Twilight Council  
  24  3:56  Stargate  
  24  4:04  Assimilator  
  24  4:23  Photon Cannon  
  24  4:39  Pylon  
  24  4:58  Photon Cannon  
  24  5:00  Probe  
  25  5:13  Probe  
  26  5:20  Photon Cannon  
  26  5:25  Probe  
  27  5:37  Probe  
  27  5:38  Photon Cannon  
  28  5:47  Shield Battery  
  28  5:51  Shield Battery  
  28  5:54  Shield Battery  
  28  5:57  Dark Shrine  
Show
View Real Time Build Order
Export as new Build Order

IagoAbreu Zerg 

Build Orders: Pool First 

Get SALT Encoding   

  12  0:01  Drone  
  13  0:13  Overlord  
  13  0:17  Drone  
  14  0:29  Evolution Chamber  
  14  0:30  Drone  
  14  0:33  Drone  
  15  0:37  Drone  
  16  0:51  Drone  
  17  0:57  Spawning Pool  
  17  1:02  Extractor  
  17  1:03  Drone  
  16  1:08  Drone  
  17  1:38  Drone x2  
  19  1:45  Zergling x2  
  19  1:46  Queen  
  22  2:00  Hatchery  
  22  2:01  Overlord  
  21  2:08  Zergling x2  
  22  2:15  Zerg Melee Weapons Level 1  
  22  2:24  Zergling x4  
  24  2:32  Extractor  
  23  2:49  Zergling x4  
  25  2:55  Lair  
  25  3:09  Zergling x2  
  25  3:10  Zergling x6  
  29  3:40  Roach Warren  
  28  3:43  Drone x5  
  28  3:47  Drone x3  
  36  3:51  Overlord  
  36  4:00  Metabolic Boost  
  36  4:14  Overseer  
  36  4:55  Roach x4  
  40  5:55  Overlord x4  
Tags
 
Add a new tag
Caveats
  • Supply blocks, unpowered buildings, or Contaminate may cause inaccurate times.
  • Supply counts are checked every 10 seconds.